AoeStats
← Barón de la Cerveza

Arena

504328101Analyzed
1v1 RM · 29d ago on Sep 4, 2026· 41m 33s· 2 players
Game mode
Random Map
Map size
Tiny (2 player)
Population
200
Speed
Normal
Resources
Standard
Victory
Conquest
Starting age
Dark Age
Ending age
Imperial Age
RankedLock teamsTeams togetherTeam positionsShared explorationLock speedFull tech treeHidden civsTurbo modeCheats
Victory
Defeat
🇲🇽 Tatars · Mexico
1780
+16
🇲🇽 Shu · Mexico
1774
-16
Barón de la Cerveza
11:17 Feudal Age
14:49 Castle Age
13:23 Horse Collar
14:11 Double-Bit Axe
15:44 Bow Saw
15:44 Fletching
17:10 Crossbowman
22:08 Heavy Plow
23:12 Loom
24:05 Gold Mining
24:05 Stone Mining
25:13 Bodkin Arrow
31:43 Imperial Age
29:49 Ballistics
30:16 Padded Archer Armor
31:27 Wheelbarrow
32:26 Bracer
33:31 Chemistry
32:29 Gold Mining
33:58 Two-Man Saw
32:27 Elite Skirmisher
33:29 Thumb Ring
34:42 Conscription
34:22 Arbalester
35:19 Leather Archer Armor
35:45 Bolt Magazine
37:25 Ring Archer Armor
38:12 Guilds
38:34 Pikeman
39:15 Squires
39:18 Scale Mail Armor
39:29 Forging
40:26 Chain Mail Armor
40:30 Halberdier
42:32 Plate Mail Armor
RxS | Shakka_
10:55 Feudal Age
11:45 Feudal Age
12:32 Double-Bit Axe
12:55 Horse Collar
15:16 Castle Age
15:19 Light Cavalry
17:17 Scale Barding Armor
22:01 Bow Saw
23:47 Wheelbarrow
24:33 Heavy Plow
30:05 Imperial Age
27:21 Loom
28:42 Fletching
28:53 Padded Archer Armor
29:06 Husbandry
29:16 Bloodlines
29:34 Ballistics
29:14 Gold Mining
30:25 Bodkin Arrow
32:04 Crop Rotation
31:44 Bracer
32:29 Leather Archer Armor
34:02 Chemistry
33:02 Stone Mining
33:47 Gold Shaft Mining
34:07 Conscription
33:29 Heavy Cavalry Archer
35:34 Ring Archer Armor
35:15 Forging
36:03 Silk Armor
35:42 Hussar
37:12 Chain Barding Armor
39:21 Plate Barding Armor
39:21 Iron Casting
39:30 Timurid Siegecraft
Connection lost

Rejoining the realm…

Still unreachable

The connection could not be restored.

Session expired

The server has moved on; the page needs a fresh start.